 Dungeon Crawl Stone Soup version 0.28.0-53-g5a82cb258f (webtiles) character file.

Game seed: 6572860974337361330

241 gobodom the Ruffian (level 6, -1/50 HPs)
             Began as a Ghoul Gladiator on June 20, 2022.
             Hit by a boomerang thrown by an orc (5 damage)
             ... on level 3 of the Dungeon.
             The game lasted 00:07:47 (1870 turns).

gobodom the Ruffian (Ghoul Gladiator)               Turns: 1870, Time: 00:07:48

Health: -1/50      AC:  4    Str: 18    XL:     6   Next: 8%
Magic:  5/5        EV: 12    Int:  5    God:
Gold:   55         SH:  0    Dex: 10    Spells: 5/5 levels left

rFire   . . .      SeeInvis .     - Unarmed
rCold   + . .      Faith    .   (no shield)
rNeg    + + +      Spirit   .   a - +0 leather armour
rPois   ∞          Reflect  .   b - +0 helmet
rElec   .          Harm     .   (no cloak)
rCorr   .          Rampage  .   (no gloves)
Will    .....                   (no boots)
Stlth   +.........              (no amulet)
HPRegen 0.00/turn               (no ring)
MPRegen 0.09/turn               (no ring)

@: flying, inhibited regen
A: claws 1, cold resistance 1, negative energy resistance 3, inhibited
regeneration, torment resistance 2
a: no special abilities


You were on level 3 of the Dungeon.
You visited 1 branch of the dungeon, and saw 3 of its levels.

You collected 55 gold pieces.

Inventory:

Hand Weapons
 d - a +0 hand axe
Missiles
 c - a throwing net
 j - 5 boomerangs (quivered)
 n - 3 javelins
 o - 3 silver boomerangs
 r - 20 stones
Armour
 a - a +0 leather armour (worn)
 b - a +0 helmet (worn)
 h - a +0 buckler
Jewellery
 g - a ring of ice
Scrolls
 f - 2 scrolls of blinking {unknown}
 i - 3 scrolls of teleportation {unknown}
 m - 4 scrolls of identify {unknown}
 p - a scroll of amnesia {unknown}
 q - a scroll of magic mapping {unknown}
 s - a scroll of fear {unknown}
Potions
 e - a potion of brilliance {unknown}
 k - a potion of heal wounds {unknown}
 l - a potion of flight


   Skills:
 + Level 2.9 Fighting
 + Level 2.3 Throwing
 + Level 1.6 Armour
 + Level 3.7 Dodging
 + Level 5.4 Unarmed Combat


You had 5 spell levels left.
You didn't know any spells.
Your spell library was empty.

Dungeon Overview and Level Annotations

Branches:
Dungeon (2/15)

Altars:

Shops:
D:1 (


Innate Abilities, Weirdness & Mutations

You thrive by killing the living.
You are immune to poison.
You have sharp fingernails.
Your flesh is cold resistant. (rC+)
You are immune to negative energy. (rN+++)
You do not regenerate when monsters are visible.
You are immune to unholy pain and torment.


Message History

You completely miss the orc. You closely miss the orc.
You closely miss the orc. Your claw misses the orc.
The orc hits you with a +0 dagger. The orc closely misses you.
The orc completely misses you.
Things that are here:
a +1 flail of protection; an adder corpse You closely miss the orc.
The orc hits you but does no damage. The orc hits you with a +0 hand axe.
The orc barely misses you.
You scratch the orc.
The orc is moderately wounded.
The orc closely misses you. The orc hits you with a +0 hand axe.
The orc barely misses you.
You scratch the orc but do no damage.
The orc is moderately wounded.
The orc closely misses you. The orc misses you.
The orc hits you with a +0 short sword.
You closely miss the orc.
The orc is moderately wounded.
The orc closely misses you. The orc hits you with a +0 hand axe.
The orc hits you with a +0 short sword.
You closely miss the orc. You claw the orc, but do no damage.
The orc is moderately wounded.
The orc hits you with a +0 dagger.
* * * LOW HITPOINT WARNING * * *
The orc hits you with a +0 hand axe.
* * * LOW HITPOINT WARNING * * *
The orc hits you with a +0 short sword.
* * * LOW HITPOINT WARNING * * *
It was a potion of flight.
You feel very buoyant.
You fly up into the air.
The orc closely misses you. The orc hits you with a +0 hand axe.
* * * LOW HITPOINT WARNING * * *
The orc closely misses you. The orc closely misses you.
The orc hits you but does no damage.
The orc throws a boomerang.
The boomerang closely misses you.
The orc throws a boomerang.
The boomerang hits you.
You die...

#........#.#
#......#)#.########
#......#o.........#
#########o........#
#.........#
#.........########
#...o............#
##..oo...........#
#..@###.........#
##..# #.........#
#.># #.........#
#### #.........####
#.........#...
#########)#.##
#.#.#
###########.#.#
..............#


You could see 5 orcs.

Vanquished Creatures
  Sigmund (D:2)
  4 gnolls (D:3)
  An adder (D:3)
  A dart slug (D:1)
  An orc (D:3)
  5 endoplasms
  A giant cockroach (D:2)
  4 goblins
  3 hobgoblins
  4 kobolds
  2 quokkas
  3 ball pythons
  2 bats
  A frilled lizard (D:1)
  3 rats
36 creatures vanquished.

Notes
Turn   | Place    | Note
-------+----------+-------------------------------------------
     0 | D:1      | gobodom the Ghoul Gladiator began the quest for the Orb.
     0 | D:1      | Reached XP level 1. HP: 17/17 MP: 0/0
   122 | D:1      | Found Efuoge's Antique Weapon Emporium.
   197 | D:1      | Reached XP level 2. HP: 24/25 MP: 1/1
   820 | D:2      | Reached XP level 3. HP: 30/30 MP: 2/2
   978 | D:2      | Noticed Sigmund
   995 | D:2      | Killed Sigmund
   996 | D:2      | Reached skill level 1 in Armour
   996 | D:2      | Reached skill level 5 in Unarmed Combat
   996 | D:2      | Reached XP level 4. HP: 29/37 MP: 3/3
   996 | D:2      | Reached XP level 5. HP: 33/42 MP: 4/4
  1358 | D:2      | You fall into a shaft and drop 1 floor!
  1484 | D:3      | Reached XP level 6. HP: 4/50 MP: 5/5
  1870 | D:3      | Hit by a boomerang thrown by an orc

Illustrated notes

Levels and vault maps discovered:
D:1:      minmay_arrival_diagonal_passages, layout_loops_ring, serial_shops,
          shop
D:2:      layout_loops_ring, uniq_sigmund
D:3:      layout_basic, gammafunk_ghost_cemetery, grunt_ministairs_13

Skill      XL: |  1  2  3 |
---------------+----------+-----
Dodging        | 3 |  3.7
Throwing       | 2 |  2.3
Armour         | 1 |  1.6
Unarmed Combat | 5 |  5.4
Fighting       | |  2.9

Action                   |  1- 3 |  4- 6 || total
-------------------------+-------+-------++-------
Melee: Unarmed           |    71 |    51 ||   122
       Punch             |       |     3 ||     3
Throw: Javelin           |     5 |       ||     5
       Throwing net      |     1 |     6 ||     7
       Boomerang         |       |     5 ||     5
  Use: Potion            |       |     1 ||     1
Armor: Leather armour    |    19 |     9 ||    28
Dodge: Dodged            |    38 |    42 ||    80
